 Dungeon Crawl Stone Soup version 0.24-a0-493-g7e4ddcd485 (webtiles) character file.

Game seed: 17951043873220687534

676 Napalmbreeze the Skirmisher (level 7, -4/59 HPs)
             Began as a Formicid Fighter on July 12, 2019.
             Was an Initiate of Okawaru.
             Slain by a centaur (5 damage)
             ... on level 5 of the Dungeon.
             The game lasted 00:12:23 (4338 turns).

Napalmbreeze the Skirmisher (Formicid Fighter)      Turns: 4338, Time: 00:12:24

Health: -4/59      AC:  9    Str: 30    XL:     7   Next: 91%
Magic:  7/7        EV:  9    Int:  7    God:    Okawaru [......]
Gold:   209        SH: 11    Dex: 12    Spells: 6/6 levels left

rFire    + . .     SeeInvis +   a - +1 long sword
rCold    + . .     Gourm    .   c - +0 shield
rNeg     . . .     Faith    .   b - +0 scale mail
rPois    +         Spirit   .   (helmet unavailable)
rElec    +         Reflect  .   (no cloak)
rCorr    +         Harm     .   (no gloves)
MR       .....                  (no boots)
Stlth    ..........             (no amulet)
HPRegen  0.00/turn              e - +2 ring of dexterity
MPRegen  0.10/turn              (no ring)

@: mighty, resistant
A: permanent stasis, dig shafts and tunnels, four strong arms, antennae 3,
iridescent scales 1, sense surroundings 1, inhibited regeneration, strong 1
a: Dig, Shaft Self, Renounce Religion


You were on level 5 of the Dungeon.
You worshipped Okawaru.
Okawaru was noncommittal.
You were hungry.

You visited 2 branches of the dungeon, and saw 6 of its levels.

You collected 209 gold pieces.

Inventory:

Hand Weapons
 a - a +1 long sword (weapon)
Missiles
 n - 29 poisoned darts (quivered)
Armour
 b - a +0 scale mail (worn)
 c - a +0 shield (worn)
Jewellery
 e - a +2 ring of dexterity (left hand)
 g - a cursed +2 ring of evasion {unknown}
Wands
 r - a wand of clouds (6)
Scrolls
 h - a scroll of enchant weapon
 i - 2 scrolls of identify {unknown}
 j - 3 scrolls of teleportation
 l - 2 scrolls of magic mapping {unknown}
 m - 2 scrolls of blinking {unknown}
 o - 3 scrolls of remove curse {unknown}
 p - a scroll of fog {unknown}
Potions
 d - a potion of might
Comestibles
 f - 6 rations


   Skills:
 * Level 6.4 Fighting
 + Level 4.0 Long Blades
 + Level 5.1 Armour
 + Level 5.5 Shields
 + Level 1.1 Invocations


You had 6 spell levels left.
You didn't know any spells.
Your spell library contained the following spells:

 Spells                   Type           Power        Failure   Level  Hunger
 Shock                    Conj/Air       #...         89%         1    ##.....
 Swiftness                Chrm/Air       #.......     96%         2    ###....
 Static Discharge         Conj/Air       #.......     99%         3    ####...
 Airstrike                Air            #.........   100%        4    #####..
 Lightning Bolt           Conj/Air       #.........   100%        5    ######.


Dungeon Overview and Level Annotations

Branches:
Dungeon (4/15)             Temple (1/1) D:4

Altars:
Ashenzari
Cheibriados
Dithmenos
Elyvilon
Fedhas
Gozag
Hepliaklqana
Kikubaaqudgha
Makhleb
Nemelex Xobeh
Okawaru
Qazlal
Ru
Sif Muna
Trog
Uskayaw
Xom
Yredelemnul
The Shining One


Innate Abilities, Weirdness & Mutations

You cannot be hasted, slowed, berserked, paralysed or teleported.
You can dig through walls and to a lower floor.
Your four strong arms can wield two-handed weapons with a shield.
You have a pair of large antennae on your head. (SInv)
You are partially covered in iridescent scales. (AC +2)
You passively map a small area around you.
You do not regenerate when monsters are visible.
Your muscles are strong. (Str +2)


Message History

Your shield and scale mail prevent you from hitting the centaur.
The centaur is lightly wounded.
You block the centaur's attack. The orc wizard casts a spell at you.
The magic dart hits you.
* * * LOW HITPOINT WARNING * * *
The centaur hits you.
* * * LOW HITPOINT WARNING * * *
You block the orc's attack.
The orc wizard mumbles some strange words.
The orc wizard blinks!
The orc wizard casts a spell.
The orc wizard seems to speed up.
Okay, then.
Unknown command.
As you read the scroll labeled AMUERCHA VYPOT, it crumbles to dust.
It is a scroll of enchant weapon.
Your +0 long sword glows red for a moment.
The centaur hits you.
You die...

, , , ** .# .<* *
,* , , ...,{ , *
##.#.{,* * ,, ,
...o , , , * #..#
* * * .. , #.. ,
* ... #######o# ,
*#..#.....#o#, ,
, #..#....{#@# *
#......!.oc# , *
#.##....o### ,,
+##.....(..#
,........(..#...,
..........o.....
...#.......#.#.#
* . #.......#.#
#......o# # , ,


You could see a centaur, 3 orc wizards and 2 orcs.

Vanquished Creatures
  An ogre (D:4)
  A scorpion (D:4)
  A howler monkey (D:4)
  3 orc wizards
  A jelly (D:5)
  Terence (D:3)
  An iguana (D:4)
  3 worker ants
  5 gnolls
  8 adders
  2 oozes
  An adder skeleton (D:4)
  4 worms
  11 dart slugs
  A leopard gecko (D:3)
  13 orcs
  A giant cockroach (D:2)
  7 goblins
  7 hobgoblins
  3 jackals
  2 quokkas (D:2)
  6 bats
  A frilled lizard (D:4)
  5 kobolds
  A leopard gecko skeleton (D:4)
  3 rats (D:2)
93 creatures vanquished.

Vanquished Creatures (others)
  An orc wizard (D:3)
  A leopard gecko (D:5)
2 creatures vanquished.

Grand Total: 95 creatures vanquished

Notes
Turn   | Place    | Note
-------+----------+-------------------------------------------
     0 | D:1      | Napalmbreeze the Formicid Fighter began the quest for the
                  | Orb.
     0 | D:1      | Reached XP level 1. HP: 18/18 MP: 1/1
   108 | D:1      | Reached XP level 2. HP: 23/24 MP: 2/2
   178 | D:1      | Reached XP level 3. HP: 25/30 MP: 3/3
   502 | D:2      | Reached skill level 4 in Fighting
   728 | D:2      | Reached XP level 4. HP: 33/37 MP: 4/4
  1312 | D:2      | Reached XP level 5. HP: 15/43 MP: 5/5
  1734 | D:3      | Found an opulent altar of Gozag.
  1783 | D:3      | Found a blossoming altar of Fedhas.
  2080 | D:3      | Reached skill level 5 in Fighting
  2080 | D:3      | Reached XP level 6. HP: 41/51 MP: 6/6
  2402 | D:3      | Noticed Terence
  2410 | D:3      | Killed Terence
  3481 | D:4      | Found a sparkling altar of Nemelex Xobeh.
  3648 | D:4      | Reached skill level 5 in Shields
  3667 | D:4      | Reached XP level 7. HP: 36/56 MP: 7/7
  3869 | D:4      | Found a snail-covered altar of Cheibriados.
  3872 | D:4      | Found a sparkling altar of Nemelex Xobeh.
  3929 | D:4      | Found a white marble altar of Elyvilon.
  4004 | D:4      | Reached skill level 6 in Fighting
  4171 | D:4      | Found a staircase to the Ecumenical Temple.
  4179 | Temple   | Entered the Ecumenical Temple
  4187 | Temple   | Became a worshipper of Warmaster Okawaru
  4253 | D:4      | Reached skill level 5 in Armour
  4300 | D:4      | Found a stormy altar of Qazlal.
  4304 | D:4      | You fall into a shaft and drop 1 floor!
  4304 | D:5      | Entered Level 5 of the Dungeon
  4327 | D:5      | Reached skill level 1 in Invocations
  4331 | D:5      | Gained mutation: You do not regenerate when monsters are
                  | visible. [potion of mutation]
  4331 | D:5      | Gained mutation: You passively map a small area around you.
                  | [potion of mutation]
  4331 | D:5      | Gained mutation: You are partially covered in iridescent
                  | scales. (AC +2) [potion of mutation]
  4331 | D:5      | Gained mutation: Your muscles are strong. (Str +2) [potion
                  | of mutation]
  4337 | D:5      | HP: 2/59 [orc wizard/magic dart (4)]
  4338 | D:5      | Slain by a centaur

Levels and vault maps discovered:
D:1:      dpeg_arrival_rooms_a, layout_rooms, minmay_heptomino_o4
D:2:      layout_rooms
D:3:      kennysheep_slugbush, layout_basic, fedhas_altar_fruit_tree,
          nicolae_gozag_seed_capital, uniq_terence
D:4:      layout_loops_cross, overflow_temple_1_default,
          grunt_temple_overflow_open, grunt_qazlal_sundering,
          vehumet_altar_wand_db, minmay_temple_entry_nine_rooms, first_ration,
          nemelex_dance_club_becter
D:5:      layout_basic
Temple:   cyrus_circular_temple

Skill      XL: |  1  2  3  4  5  6  7 |
---------------+----------------------+-----
Shields        | 4 5 |  5.5
Fighting       | 4 5 6 |  6.4
Armour         | 4 5 |  5.1
Long Blades    | 3 4 |  4.0
Invocations    | 1 |  1.1

Action                   |  1- 3 |  4- 6 |  7- 9 || total
-------------------------+-------+-------+-------++-------
Melee: Long sword        |    53 |   240 |    74 ||   367
Throw: Dart              |       |     2 |       ||     2
 Abil: Dig               |       |       |     1 ||     1
  Use: Potion            |       |     2 |     3 ||     5
       Scroll            |       |       |     2 ||     2
  Eat: Chunk             |       |     9 |     2 ||    11
Armor: Scale mail        |    29 |    91 |    23 ||   143
Dodge: Dodged            |    16 |    72 |    25 ||   113
Block: Shield            |    42 |   136 |    51 ||   229
       Rpst.: Long sword |     3 |    23 |     7 ||    33

Table legend:
 A = Non-vault XP
 B = Vault XP
 C = Vault XP percentage of total XP
 D = Non-vault monster count
 E = Vault monster count
 F = Vault count percentage of total count
                 A         B        C        D         E       F
            +---------+---------+-------+---------+---------+-------
      Total |     874 |      92 |   9.5 |      77 |      17 |  18.1
            +---------+---------+-------+---------+---------+-------
        D:1 |      28 |       6 |  17.6 |       7 |       4 |  36.4
        D:2 |     139 |       0 |   0.0 |      24 |       0 |   0.0
        D:3 |     177 |      76 |  30.0 |      20 |      11 |  35.5
        D:4 |     408 |      10 |   2.4 |      21 |       2 |   8.7
        D:5 |     122 |       0 |   0.0 |       5 |       0 |   0.0
            +---------+---------+-------+---------+---------+-------
